 Dungeon Crawl Stone Soup version 0.31-a0-277-g31ea1f65cc (webtiles) character file.

Game seed: 15660304217945641615

210330 zazu2006 the Luminary of Lethal Lore (level 18, -6/144 HPs)
             Began as a Gnoll Wanderer on July 15, 2023.
             Was the Champion of Vehumet.
             Mangled by an alligator snapping turtle (38 damage)
             ... on level 4 of the Shoals.
             The game lasted 02:39:43 (43637 turns).

zazu2006 the Luminary of Lethal Lore (GnWn)        Turns: 43637, Time: 02:39:43

Health: -6/144     AC: 18    Str: 14    XL:     18   Next: 85%
Magic:  32/35      EV: 21    Int: 16    God:    Vehumet [******]
Gold:   1916       SH:  8    Dex: 21    Spells: 14/44 levels left

rFire   + + +        c - +10 trident "Istreicko" {flame, rPois rF+++ Will- Stlth+}
rCold   + . .        K - +0 buckler
rNeg    + + .        G - +0 steam dragon scales
rPois   +            F - +2 helmet "Rutas" {Rampage rCorr}
rElec   .            h - +1 cloak
rCorr   +            (no gloves)
SInv    .            p - +3 pair of boots of Pefogrow {rF++ rC+ rN++}
Will    +....        I - amulet of regeneration
Stlth   +++++++      Q - ring of flight
HPRegen 1.24/turn    x - ring of Emepoagg {rPois Will+ Dex+8}
MPRegen 0.24/turn

%: rampage
@: flying
A: fangs 1, strong nose, distributed training
}: 1/15 runes: serpentine
a: Renounce Religion


You were on level 4 of the Shoals.
You worshipped Vehumet.
Vehumet was exalted by your worship.
You visited 6 branches of the dungeon, and saw 31 of its levels.
You also visited: Bailey and Gauntlet.

You collected 3817 gold pieces.
You spent 1901 gold pieces at shops.

Inventory:

Hand Weapons
 a - a +4 scimitar of flaming
 c - the +10 trident "Istreicko" (weapon) {flame, rPois rF+++ Will- Stlth+}
   (You bought it in a shop on level 5 of the Dungeon)

   rF:        It renders you almost immune to fire.
   rPois:     It protects you from poison.
   Will:      It decreases your willpower.
   Stlth:     It makes you more stealthy.
Missiles
 o - 4 throwing nets
Armour
 h - a +1 cloak (worn)
 p - the +3 pair of boots of Pefogrow (worn) {rF++ rC+ rN++}
   (You found it in a Gauntlet)

   rF:        It greatly protects you from fire.
   rC:        It protects you from cold.
   rN:        It greatly protects you from negative energy.
 F - the +2 helmet "Rutas" (worn) {Rampage rCorr}
   (You found it in a bailey)

   rCorr:     It protects you from acid and corrosion.
   Rampage:   It bestows one free step when moving towards enemies.
 G - +0 steam dragon scales (worn)
 K - a +0 buckler (worn)
 M - a +0 tower shield of reflection
Jewellery
 e - a ring of protection from cold
 x - the ring of Emepoagg (right hand) {rPois Will+ Dex+8}
   (You found it in a Gauntlet)

   [ring of poison resistance]

   Dex:       It affects your dexterity (+8).
   rPois:     It protects you from poison.
   Will:      It increases your willpower.
 B - an amulet of magic regeneration
 E - a ring of see invisible
 I - an amulet of regeneration (around neck)
 Q - a ring of flight (left hand)
 S - a +6 ring of strength
Wands
 i - a wand of mindburst (20)
 y - a wand of charming (13)
 A - a wand of flame (16)
 C - a wand of iceblast (31)
 D - a wand of quicksilver (5)
 N - a wand of polymorph (20)
 R - a wand of digging (3)
Scrolls
 b - 3 scrolls of blinking
 f - 8 scrolls of identify
 k - 4 scrolls of teleportation
 r - 6 scrolls of fog
 u - 4 scrolls of revelation
 v - a scroll of enchant armour
 H - 2 scrolls of poison
 J - a scroll of brand weapon
 L - 2 scrolls of summoning
 O - a scroll of fear
Potions
 d - 3 potions of curing
 g - 2 potions of enlightenment
 j - 3 potions of resistance
 l - 5 potions of mutation
 m - 2 potions of haste
 n - 2 potions of ambrosia
 q - 3 potions of lignification
 s - 3 potions of invisibility
 t - 5 potions of brilliance
 w - 2 potions of heal wounds
 z - 4 potions of attraction
 P - 4 potions of magic
 U - a potion of berserk rage


   Skills:
 + Level 13.6 Fighting
 + Level 12.9 Short Blades
 + Level 12.9 Long Blades
 + Level 12.9 Axes
 + Level 12.9 Maces & Flails
 + Level 12.9 Polearms
 + Level 12.9 Staves
 + Level 12.9 Ranged Weapons
 + Level 12.9 Throwing
 + Level 12.9 Armour
 + Level 12.9 Dodging
 + Level 12.9 Stealth
 + Level 12.9 Shields
 + Level 12.9 Unarmed Combat
 + Level 13.7 Spellcasting
 + Level 10.9 Conjurations
 + Level 10.9 Hexes
 + Level 10.9 Summonings
 + Level 10.9 Necromancy
 + Level 12.1 Translocations
 + Level 10.9 Transmutations
 + Level 10.9 Fire Magic
 + Level 10.9 Ice Magic
 + Level 12.1 Air Magic
 + Level 10.9 Earth Magic
 + Level 10.9 Poison Magic
 + Level 14.0 Invocations
 + Level 12.9 Evocations
 + Level 10.9 Shapeshifting


You had 14 spell levels left.
You knew the following spells:

 Your Spells              Type           Power      Damage    Failure   Level
a - Shock                 Conj/Air       100%       1d9       1%          1
b - Airstrike             Air            25%        2d(4-20)  1%          4
c - Dazzling Flash        Conj/Hex       92%        N/A       1%          3
d - Stone Arrow           Conj/Erth      92%        3d12      1%          3
e - Lee's Rapid Deconstr  Erth           23%        3d13*     1%          5
f - Freezing Cloud        Conj/Ice/Air   23%        6-21      1%          5
g - Fireball              Conj/Fire      23%        3d11      1%          5
h - Iskenderun's Mystic   Conj/Tloc      48%        2d11      1%          4

Your spell library contained the following spells:

 Spells                   Type           Power      Damage    Failure   Level
 Ignition                 Fire           23%        3d8       77%         8
 Chain Lightning          Conj/Air       24%        3d32      100%        9
 Polar Vortex             Ice            23%        12d3*     100%        9
 Apportation              Tloc           100%       N/A       1%          1
 Magic Dart               Conj           100%       1d8       1%          1
 Necrotise                Necr           100%       1d9       1%          1
 Sandblast                Erth           92%        2d19      1%          1
 Slow                     Hex            100%       N/A       1%          1
 Summon Small Mammal      Summ           100%       N/A       1%          1
 Ensorcelled Hibernation  Hex/Ice        92%        N/A       1%          2
 Passwall                 Tmut/Erth      38%        N/A       1%          2
 Scorch                   Fire           92%        2d8       1%          2
 Static Discharge         Conj/Air       96%        2-6/arc   1%          2
 Sublimation of Blood     Necr           46%        N/A       1%          2
 Wereblood                Tmut           46%        N/A       1%          2
 Gell's Gravitas          Tloc           50%        N/A       1%          3
 Hailstorm                Conj/Ice       46%        3d11      1%          3
 Inner Flame              Hex/Fire       46%        N/A       1%          3
 Portal Projectile        Hex/Tloc       96%        N/A       1%          3
 Swiftness                Air            50%        N/A       1%          3
 Teleport Other           Tloc           50%        N/A       1%          3
 Tukima's Dance           Hex            46%        N/A       1%          3
 Vhi's Electric Charge    Tloc/Air       100%       N/A       1%          3
 Volatile Blastmotes      Fire/Tloc      96%        2d18      1%          3
 Animate Dead             Necr           46%        N/A       1%          4
 Flame Wave               Conj/Fire      46%        2d12      1%          4
 Leda's Liquefaction      Hex/Erth       23%        N/A       1%          4
 Passage of Golubria      Tloc           50%        N/A       1%          4
 Sticky Flame             Conj/Fire      46%        2d6       1%          4
 Summon Ice Beast         Ice/Summ       46%        N/A       1%          4
 Summon Lightning Spire   Summ/Air       48%        N/A       1%          4
 Arcjolt                  Conj/Air       24%        1d34      1%          5
 Iskenderun's Battlesphe  Conj           46%        2d10      1%          5
 Summon Forest            Summ/Tloc      24%        N/A       1%          5
 Yara's Violent Unravell  Hex/Tmut       23%        3d10      1%          5
 Borgnjor's Vile Clutch   Necr/Erth      23%        N/A       2%          5
 Summon Mana Viper        Hex/Summ       46%        N/A       2%          5
 Leda's Unmaking          Conj/Erth      23%        9d4       3%          6
 Starburst                Conj/Fire      23%        6d8       3%          6
 Dispersal                Tloc           25%        N/A       8%          6
 Death Channel            Necr           23%        N/A       13%         6
 Simulacrum               Ice/Necr       23%        N/A       13%         6
 Summon Cactus Giant      Summ           23%        N/A       13%         6
 Spellforged Servitor     Conj/Summ      23%        N/A       17%         7
 Summon Hydra             Summ           23%        N/A       56%         7
 Maxwell's Capacitive Co  Air            25%        ∞         58%         8


Dungeon Overview and Level Annotations

Branches:
Dungeon (15/15) Temple (1/1) D:4 Lair (5/5) D:9 Shoals (4/4) Lair:3 Snake (4/4) Lair:2 Slime (0/5) Lair:4 Orc (2/2) D:12 Elf (0/3) Orc:2 Vaults (0/5) D:12 D:13 Depths (0/4) D:15 Bailey (visited) Gauntlet (visited)

Altars:
Ashenzari
Cheibriados
Dithmenos
Elyvilon
Fedhas
Hepliaklqana
Kikubaaqudgha
Makhleb
Okawaru
Ru
Uskayaw
Vehumet
Wu Jian
Xom
Yredelemnul
Jiyva

Shops:
D:1 ?((?*   D:2 :   D:5 (   Orc:2 *[*!   Shoals:1 :   Shoals:2 (   Shoals:3 *
Snake:1 ?!*   Snake:4 ==:

Annotations:
D:13 3 runed translucent doors, Mexzoddasi's ghost, journeyman MiBe
Snake:1 3 runed translucent doors, Shard1697's ghost, adept MeBe


Innate Abilities, Weirdness & Mutations

You have very sharp teeth.
Your uncanny sense of smell can sniff out nearby items.
Your experience applies equally to all skills.


Message History

The merfolk aquamancer casts a spell at you.
You block the torrent of water.
The wave splashes down.
You hear an angry hiss.
You hear a shout! x8
You hit the water elemental. You burn the water elemental.
You bite the water elemental, but do no damage.
The water elemental is lightly damaged.
Your lungs strain for air!
The water elemental hits you!
The merfolk is engulfed in freezing vapours.
The merfolk misses you.
The merfolk aquamancer gestures at you while chanting.
The shard of ice hits you!! You partially resist.
Unknown command.
You slip free of the water engulfing you.
You gasp with relief as air once again reaches your lungs.
The merfolk is engulfed in freezing vapours.
The merfolk hits you from afar with a +0 trident!
The water elemental attacks as you move away!
The water elemental hits you!
* * * LOW HITPOINT WARNING * * *
You puncture the water elemental! You burn the water elemental.
The water elemental is heavily damaged.
The water elemental hits you.
The water elemental engulfs you in water!
The alligator snapping turtle misses you.
You cannot read scrolls while unable to breathe!
Unknown command.
You slip free of the water engulfing you.
You gasp with relief as air once again reaches your lungs.
The water elemental attacks as you move away!
The water elemental misses you.
The water elemental attacks as you move away!
You block the water elemental's attack.
The merfolk aquamancer points at you and mumbles some strange words.
The torrent of water passes through the water elemental.
The torrent of water hits you!!
* * * LOW HITPOINT WARNING * * *
The wave splashes down.
You block the water elemental's attack.
The alligator snapping turtle bites you from afar!!!
You die...

~~~~~.~.....~~~....
~~.~......~~~~~..##.....
........~~~~~~~..<.)....
.........)~~~~~~~~......
.##....~~...~~~~~......#
###....~.##~~~~)~.....#
#....)~~...~~~~~~~....#
†....)†)~~~~~~~~~~~...#
.~...##.~~~~~~~~@~....#
~~..###..~~~~~t~E~..###
~~..###~~~~~~~~m..###
......~~~..~~~..###
...........~~~m##
~~~...##..~~...# ∆
~~~..###.......#
≈~~~....###....#
~...~..##..~~.#


You could see an alligator snapping turtle, a merfolk aquamancer, a merfolk and
a water elemental.

Vanquished Creatures
  Vashnia (Snake:2)
  Rupert (D:13)
  A kraken (Shoals:2)
  Gastronok (Lair:2)
  Frances (D:13)
  Agnes (D:15)
  Aizul (Snake:4)
  Roxanne (D:14)
  A frost giant (D:15)
  9 nagarajas (Snake:4)
  Azrael (D:12)
  The ghost of howech the Severer, a journeyman MiBe of Trog (Lair:4)
  A minotaur (Gauntlet)
  2 eleionomae (Shoals:2)
  A dire elephant (Lair:5)
  A fire dragon (Lair:5)
  5 merfolk impalers
  2 ettins (D:13)
  The ghost of SirDiesAlot the Mimic, a journeyman OpSh of Jiyva (D:12)
  A yaktaur captain (D:13)
  6 salamander tyrants
  Fannar (D:11)
  8 hydras
  11 anacondas
  Erica (Lair:1)
  A catoblepas (Lair:5)
  5 satyrs
  3 two-headed ogres
  3 merfolk aquamancers
  3 boulder beetles
  4 centaur warriors
  18 naga sharpshooters
  2 tengu warriors (D:15)
  6 death yaks
  An orc high priest (Orc:1)
  6 shock serpents
  14 naga warriors
  5 skysharks
  A skeletal warrior (D:10)
  Lodul (D:13)
  5 salamander mystics
  7 sea snakes
  7 naga ritualists
  A swamp dragon (Lair:5)
  4 harpies (Shoals:1)
  Pikel (D:6)
  A lindwurm (Lair:5)
  4 orc knights
  A deep elf pyromancer (D:13)
  5 mana vipers
  5 cyclopes
  5 ugly things (D:15)
  8 manticores
  2 orc sorcerers
  25 fauns
  24 salamanders
  10 elephants
  Maurice (D:8)
  2 merfolk sirens (Shoals:1)
  45 black mambas
  12 naga magi
  A black mamba (shapeshifter) (D:14)
  9 guardian serpents
  2 water nymphs (Shoals:2)
  10 cane toads
  A gargoyle (D:12)
  2 kobold demonologists
  9 komodo dragons
  3 unseen horrors
  A yaktaur (shapeshifter) (D:15)
  3 yaktaurs (D:15)
  An ice devil (Gauntlet)
  9 rime drakes
  A hellwing (Gauntlet)
  7 trolls
  16 merfolk
  6 meliai
  4 hornets
  A queen bee (Gauntlet)
  A wind drake (Shoals:3)
  A polar bear (Lair:5)
  6 blink frogs
  6 snapping turtles
  Sigmund (D:5)
  9 dream sheep
  16 slime creatures
  A centaur simulacrum (D:13)
  3 shadows
  3 vampires
  14 water elementals
  16 humans
  2 wraiths
  10 wyverns
  32 yaks
  10 basilisks
  2 fire elementals (D:12)
  A vampire mosquito (D:10)
  2 steam dragons
  A warg (shapeshifter) (D:10)
  4 wargs
  46 nagas
  8 water moccasins
  6 acid dragons
  3 hell hounds
  A swamp drake (Lair:5)
  An ice beast (D:5)
  42 orc warriors
  A black bear (D:7)
  4 ogres (Orc:1)
  11 wolves
  31 centaurs
  2 lemures
  3 phantoms
  3 kobold brigands
  10 bullfrogs
  3 gnoll sergeants
  A scorpion (D:7)
  A wyvern skeleton (D:6)
  9 wights
  15 killer bees
  8 howler monkeys
  5 electric eels
  A bullfrog zombie (D:6)
  3 lava snakes (Snake:2)
  4 centaur zombies (D:6)
  4 jellies
  8 orc priests
  A gnoll bouda (D:5)
  3 hounds
  2 bullfrog skeletons (D:6)
  A sleepcap (D:6)
  Jessica (D:2)
  5 iguanas
  15 orc wizards
  Natasha (twice) (D:2)
  9 hell rats
  A killer bee zombie (D:6)
  A howler monkey skeleton (D:6)
  A howler monkey zombie (D:6)
  14 gnolls
  5 adders
  8 river rats (Lair:1)
  4 white imps
  3 worms
  2 dart slugs
  73 orcs
  4 ball pythons
  7 endoplasms
  6 giant cockroaches
  8 goblins
  12 hobgoblins
  9 kobolds
  4 quokkas
  6 bats
  6 frilled lizards
  5 rats
  3 tentacles (Shoals:2)
991 creatures vanquished.

Vanquished Creatures (collateral kills)
  A storm dragon (D:13)
  A killer bee (D:10)
2 creatures vanquished.

Vanquished Creatures (others)
  An orc knight (Orc:2)
  A salamander (Snake:3)
  A merfolk siren (Shoals:4)
  A water elemental (Shoals:1)
  2 wyverns
  A centaur (D:13)
  2 killer bees (D:10)
  An iguana (Lair:5)
  3 orcs (Orc:2)
  A tentacle (Shoals:2)
14 creatures vanquished.

Grand Total: 1007 creatures vanquished

Notes
Turn   | Place    | Note
-------+----------+-------------------------------------------
     0 | D:1      | zazu2006 the Gnoll Wanderer began the quest for the Orb.
     0 | D:1      | zazu2006 set off with the following items: a +0 dagger, a
                  | scroll of blinking, a +0 robe, a potion of curing; and the
                  | following spells available to memorise: Apportation, Shock,
                  | Gell's Gravitas, Static Discharge, Airstrike.
     0 | D:1      | Reached XP level 1. HP: 20/20 MP: 6/6
     2 | D:1      | Learned a level 1 spell: Shock
   208 | D:1      | Found Amonasch's Magic Scroll Emporium.
   216 | D:1      | Reached XP level 2. HP: 26/26 MP: 2/7
   292 | D:1      | Found Timu's Assorted Antiques.
   687 | D:1      | Found Budife's Weapon Shop.
   702 | D:1      | Found Lugyum's Weapon Boutique.
   759 | D:1      | Found Zoun's Magic Scroll Shoppe.
   818 | D:1      | Reached XP level 3. HP: 31/31 MP: 6/9
   819 | D:1      | Reached skill level 5 in Spellcasting
  1237 | D:2      | Noticed Jessica
  1241 | D:2      | Killed Jessica
  1242 | D:2      | Reached skill level 1 in Short Blades
  1242 | D:2      | Reached skill level 1 in Long Blades
  1242 | D:2      | Reached skill level 1 in Axes
  1242 | D:2      | Reached skill level 1 in Maces & Flails
  1242 | D:2      | Reached skill level 1 in Polearms
  1242 | D:2      | Reached skill level 1 in Staves
  1242 | D:2      | Reached skill level 1 in Ranged Weapons
  1242 | D:2      | Reached skill level 1 in Throwing
  1242 | D:2      | Reached skill level 1 in Armour
  1242 | D:2      | Reached skill level 1 in Dodging
  1242 | D:2      | Reached skill level 1 in Stealth
  1242 | D:2      | Reached skill level 1 in Shields
  1242 | D:2      | Reached skill level 1 in Unarmed Combat
  1242 | D:2      | Reached skill level 1 in Invocations
  1242 | D:2      | Reached skill level 1 in Evocations
  1287 | D:2      | Reached XP level 4. HP: 38/38 MP: 3/11
  1290 | D:2      | Found Qariqane's Book Boutique.
  1809 | D:2      | Reached skill level 1 in Conjurations
  1809 | D:2      | Reached skill level 1 in Hexes
  1809 | D:2      | Reached skill level 1 in Summonings
  1809 | D:2      | Reached skill level 1 in Necromancy
  1809 | D:2      | Reached skill level 1 in Transmutations
  1809 | D:2      | Reached skill level 1 in Fire Magic
  1809 | D:2      | Reached skill level 1 in Ice Magic
  1809 | D:2      | Reached skill level 1 in Earth Magic
  1809 | D:2      | Reached skill level 1 in Poison Magic
  1809 | D:2      | Reached skill level 1 in Shapeshifting
  1821 | D:2      | Found a white marble altar of Elyvilon.
  2042 | D:2      | Noticed Natasha
  2047 | D:2      | Killed Natasha
  2110 | D:2      | Reached XP level 5. HP: 43/43 MP: 7/12
  2571 | D:2      | Noticed Natasha
  2578 | D:2      | Killed Natasha
  2693 | D:1      | Bought a scroll of identify for 22 gold pieces
  2693 | D:1      | Bought a scroll of identify for 22 gold pieces
  3013 | D:3      | Found a hide-covered altar of Uskayaw.
  3358 | D:4      | Found a staircase to the Ecumenical Temple.
  3377 | D:4      | Found a shadowy altar of Dithmenos.
  3391 | Temple   | Entered the Ecumenical Temple
  3428 | Temple   | Became a worshipper of Vehumet
  3565 | D:4      | Reached skill level 2 in Invocations
  3565 | D:4      | Reached XP level 6. HP: 39/50 MP: 3/13
  4154 | D:5      | Entered Level 5 of the Dungeon
  4161 | D:5      | Reached skill level 5 in Fighting
  4395 | D:5      | Found Liutunao's Antique Weapon Boutique.
  4395 | D:5      | Noticed an ice beast
  4409 | D:5      | Killed an ice beast
  4510 | D:5      | Reached XP level 7. HP: 47/56 MP: 2/15
  4544 | D:5      | Learned a level 4 spell: Airstrike
  4620 | D:5      | Noticed Sigmund
  4633 | D:5      | Killed Sigmund
  5000 | D:5      | Reached * piety under Vehumet
  5000 | D:5      | Offered knowledge of Foxfire by Vehumet.
  5001 | D:5      | Reached skill level 3 in Invocations
  5357 | D:6      | Noticed Pikel
  5481 | D:5      | Reached XP level 8. HP: 63/63 MP: 9/16
  6185 | D:6      | Killed Pikel
  6186 | D:6      | Reached skill level 4 in Invocations
  6186 | D:6      | Reached XP level 9. HP: 69/69 MP: 4/18
  7394 | D:7      | Found a flagged portal.
  7396 | D:7      | Reached ** piety under Vehumet
  7399 | D:7      | Offered knowledge of Momentum Strike by Vehumet.
  7440 | Bailey   | Entered a bailey
  7633 | Bailey   | Reached skill level 5 in Invocations
  8250 | Bailey   | Reached XP level 10. HP: 21/77 MP: 20/20
  8494 | Bailey   | Identified the +2 helmet "Rutas" {Rampage rCorr}
  8635 | D:7      | Found a blossoming altar of Fedhas.
  8747 | D:7      | Reached skill level 5 in Short Blades
  8747 | D:7      | Reached skill level 5 in Long Blades
  8747 | D:7      | Reached skill level 5 in Axes
  8747 | D:7      | Reached skill level 5 in Maces & Flails
  8747 | D:7      | Reached skill level 5 in Polearms
  8747 | D:7      | Reached skill level 5 in Staves
  8747 | D:7      | Reached skill level 5 in Ranged Weapons
  8747 | D:7      | Reached skill level 5 in Throwing
  8747 | D:7      | Reached skill level 5 in Armour
  8747 | D:7      | Reached skill level 5 in Dodging
  8747 | D:7      | Reached skill level 5 in Stealth
  8747 | D:7      | Reached skill level 5 in Shields
  8747 | D:7      | Reached skill level 5 in Unarmed Combat
  8747 | D:7      | Reached skill level 5 in Evocations
  9240 | D:5      | Bought a twisted trident for 238 gold pieces
  9240 | D:5      | Identified the +10 trident "Istreicko" {flame, rPois rF+++
                  | Will- Stlth+} (You bought it in a shop on level 5 of the
                  | Dungeon)
  9354 | D:8      | Noticed Maurice
  9538 | D:8      | Killed Maurice
  9538 | D:8      | Offered knowledge of Hailstorm by Vehumet.
 10006 | D:8      | Reached *** piety under Vehumet
 10302 | D:9      | Noticed a kobold demonologist
 10410 | D:9      | Killed a kobold demonologist
 10411 | D:9      | Reached skill level 6 in Invocations
 10411 | D:9      | Noticed a death yak
 10414 | D:9      | Noticed a death yak
 10415 | D:9      | Noticed a death yak
 10758 | D:9      | Noticed a two-headed ogre
 10766 | D:9      | Killed a two-headed ogre
 11052 | D:9      | Found a staircase to the Lair.
 11226 | D:10     | Entered Level 10 of the Dungeon
 11256 | D:10     | Reached XP level 11. HP: 68/84 MP: 22/22
 11409 | D:10     | Reached skill level 5 in Conjurations
 11409 | D:10     | Reached skill level 5 in Hexes
 11409 | D:10     | Reached skill level 5 in Summonings
 11409 | D:10     | Reached skill level 5 in Necromancy
 11409 | D:10     | Reached skill level 5 in Transmutations
 11409 | D:10     | Reached skill level 5 in Fire Magic
 11409 | D:10     | Reached skill level 5 in Ice Magic
 11409 | D:10     | Reached skill level 5 in Earth Magic
 11409 | D:10     | Reached skill level 5 in Poison Magic
 11409 | D:10     | Reached skill level 5 in Shapeshifting
 11455 | D:10     | Noticed a two-headed ogre
 11466 | D:10     | Killed a two-headed ogre
 11485 | D:10     | Noticed a six-headed hydra
 11504 | D:10     | Offered knowledge of Dazzling Flash by Vehumet.
 11535 | D:10     | Noticed a skeletal warrior
 11553 | D:9      | Learned a level 3 spell: Dazzling Flash
 11636 | D:9      | Killed a death yak
 11706 | D:10     | Killed a death yak
 11707 | D:10     | Reached skill level 7 in Invocations
 12206 | D:9      | Killed a death yak
 12215 | Lair:1   | Entered Level 1 of the Lair of Beasts
 12486 | Lair:1   | Reached **** piety under Vehumet
 12626 | Lair:1   | Noticed Erica
 12649 | Lair:1   | Killed Erica
 12678 | Lair:1   | Reached XP level 12. HP: 85/94 MP: 24/24
 12686 | Lair:1   | Offered knowledge of Frozen Ramparts by Vehumet.
 13448 | Lair:2   | Found a staircase to the Snake Pit.
 13492 | Lair:2   | Noticed Gastronok
 13511 | Lair:2   | Killed Gastronok
 13512 | Lair:2   | Reached skill level 8 in Invocations
 13829 | Lair:2   | Noticed a skyshark
 14330 | D:10     | Learned a level 3 spell: Stone Arrow
 14811 | D:10     | Killed a six-headed hydra
 14916 | D:10     | Found a hazy altar of Hepliaklqana.
 14926 | D:10     | Found an ornate altar of the Wu Jian Council.
 15845 | D:11     | Noticed Fannar
 15856 | D:11     | Killed Fannar
 15857 | D:11     | Reached XP level 13. HP: 97/101 MP: 26/26
 15912 | D:11     | Reached ***** piety under Vehumet
 16185 | D:12     | Found a gate leading to a gauntlet.
 16191 | D:12     | Found a staircase to the Orcish Mines.
 16195 | Gauntlet | Entered a Gauntlet
 16195 | Gauntlet | Found a transporter.
 16204 | Gauntlet | Found a transporter.
 16219 | Gauntlet | Found a transporter.
 16224 | Gauntlet | Found a transporter.
 16239 | Gauntlet | Found a transporter.
 16258 | Gauntlet | Found a transporter.
 16267 | Gauntlet | Found a transporter.
 16282 | Gauntlet | Found a transporter.
 16294 | Gauntlet | Found a transporter.
 16296 | Gauntlet | Noticed a reaper
 16306 | Gauntlet | Found a transporter.
 16323 | Gauntlet | Found a transporter.
 16341 | Gauntlet | Found a transporter.
 16343 | Gauntlet | Found a transporter.
 16368 | Gauntlet | Found a transporter.
 16370 | Gauntlet | Found a transporter.
 16390 | Gauntlet | Found a transporter.
 16468 | Gauntlet | Found a transporter.
 16490 | Gauntlet | Found a transporter.
 16970 | Gauntlet | Identified the ring of Emepoagg {rPois Will+ Dex+8}
 17031 | Gauntlet | Identified a scroll of acquirement
 17103 | Gauntlet | Identified the +3 pair of boots of Pefogrow {rF++ rC+ rN++}
 17193 | Gauntlet | Identified the staff of the Charming Gods {rF+ Will+ Dex+3
                  | Fire}
 17193 | Gauntlet | Noticed a minotaur
 17202 | Gauntlet | Learned a level 5 spell: Lee's Rapid Deconstruction
 17236 | Gauntlet | Killed a minotaur
 17282 | D:12     | Acquired the amulet of Bodily Harmony {Reflect rPois Dex+8
                  | Slay-3 SH+5}
 17345 | D:12     | Reached skill level 9 in Invocations
 17517 | D:12     | Offered knowledge of Irradiate by Vehumet.
 17621 | D:12     | Found a large runed translucent door.
 17621 | D:12     | Found a large runed translucent door.
 17624 | D:12     | Noticed SirDiesAlot's ghost (journeyman OpSh)
 18859 | Lair:3   | Found a staircase to the Shoals.
 18934 | Lair:3   | Reached skill level 10 in Spellcasting
 19712 | Lair:3   | Reached skill level 10 in Fighting
 19982 | D:5      | Bought a jewelled short sword for 224 gold pieces
 19982 | D:5      | Identified the +2 short sword of the Spinneret {pain, rPois
                  | Str+5 Dex+4} (You bought it in a shop on level 5 of the
                  | Dungeon)
 20210 | Lair:4   | Reached XP level 14. HP: 92/110 MP: 28/28
 20420 | Lair:4   | Found a staircase to the Slime Pits.
 20420 | Lair:4   | Found a viscous altar of Jiyva.
 20453 | Lair:4   | Found a runed translucent door.
 20455 | Lair:4   | Noticed howech's ghost (journeyman MiBe)
 20825 | Lair:4   | Reached skill level 10 in Invocations
 21224 | Lair:5   | Entered Level 5 of the Lair of Beasts
 21357 | Lair:5   | Offered knowledge of Plasma Beam by Vehumet.
 22425 | Lair:5   | Noticed a dire elephant
 22908 | Lair:5   | Killed a dire elephant
 23050 | Lair:5   | Identified the +7 flail "Toskefab" {freeze, Contam rElec
                  | Str+2 Dex+2}
 24078 | D:12     | Killed SirDiesAlot's ghost
 24148 | D:13     | Noticed Lodul
 24210 | D:13     | Noticed Azrael
 24210 | D:13     | Found a gate to the Vaults.
 24245 | D:12     | Killed Azrael
 24333 | Orc:1    | Entered Level 1 of the Orcish Mines
 24377 | Orc:1    | Offered knowledge of Freezing Cloud by Vehumet.
 24388 | Orc:1    | Learned a level 5 spell: Freezing Cloud
 24415 | Orc:1    | Reached skill level 10 in Translocations
 24415 | Orc:1    | Reached skill level 10 in Air Magic
 24437 | Orc:1    | Reached XP level 15. HP: 87/117 MP: 30/30
 24653 | Orc:2    | Entered Level 2 of the Orcish Mines
 24675 | Orc:2    | Found a staircase to the Elven Halls.
 24773 | Orc:1    | Reached skill level 10 in Short Blades
 24773 | Orc:1    | Reached skill level 10 in Long Blades
 24773 | Orc:1    | Reached skill level 10 in Axes
 24773 | Orc:1    | Reached skill level 10 in Maces & Flails
 24773 | Orc:1    | Reached skill level 10 in Polearms
 24773 | Orc:1    | Reached skill level 10 in Staves
 24773 | Orc:1    | Reached skill level 10 in Ranged Weapons
 24773 | Orc:1    | Reached skill level 10 in Throwing
 24773 | Orc:1    | Reached skill level 10 in Armour
 24773 | Orc:1    | Reached skill level 10 in Dodging
 24773 | Orc:1    | Reached skill level 10 in Stealth
 24773 | Orc:1    | Reached skill level 10 in Shields
 24773 | Orc:1    | Reached skill level 10 in Unarmed Combat
 24773 | Orc:1    | Reached skill level 10 in Evocations
 25269 | Orc:2    | Reached skill level 11 in Invocations
 25594 | Orc:2    | Found Vuthrooj's Antique Armour Shoppe.
 25594 | Orc:2    | Found Atoshrowa's Assorted Antiques.
 25596 | Orc:2    | Found Neto's Distillery.
 25598 | Orc:2    | Found Zoeshij's Assorted Antiques.
 25603 | Orc:2    | Bought a potion of heal wounds for 165 gold pieces
 25605 | Orc:2    | Bought a potion of heal wounds for 85 gold pieces
 25610 | Orc:2    | Bought an ebony falchion for 192 gold pieces
 25610 | Orc:2    | Identified the +4 falchion of Res Nullius {freeze, rElec
                  | rF+ rC+++ Stlth-} (You bought it in a shop on level 2 of
                  | the Orcish Mines)
 26226 | Lair:4   | Killed howech's ghost
 26517 | Orc:2    | Bought a glowing cloak for 247 gold pieces
 26517 | Orc:2    | Bought a smoky inky potion for 29 gold pieces
 26517 | Orc:2    | Bought a scroll of identify for 66 gold pieces
 27081 | D:13     | Killed Lodul
 27426 | D:13     | Noticed Frances
 27621 | D:13     | Killed Frances
 27644 | D:13     | Reached ****** piety under Vehumet
 27734 | D:13     | Noticed a storm dragon
 27817 | D:13     | Identified the +5 ring mail "Covoogh" {*Slow rCorr Str-4
                  | Dex+4}
 27969 | D:13     | Offered knowledge of Eringya's Noxious Bog by Vehumet.
 28085 | D:13     | Found a runed translucent gate.
 28085 | D:13     | Found a runed translucent gate.
 28089 | D:13     | Found a runed translucent gate.
 28092 | D:13     | Noticed Mexzoddasi's ghost (journeyman MiBe)
 28096 | D:13     | Found an iron altar of Okawaru.
 28139 | D:14     | Noticed Roxanne
 28463 | D:14     | Found a broken altar of Ashenzari.
 28709 | D:14     | Identified the +0 chain mail "Ysaipuwk" {rF+ rC- Dex+8
                  | Slay+3}
 29046 | D:14     | Killed Roxanne
 29169 | D:15     | Entered Level 15 of the Dungeon
 29252 | D:15     | Noticed Agnes
 29316 | D:13     | Killed a storm dragon
 29695 | D:13     | Noticed Rupert
 29726 | D:13     | Killed Rupert
 30188 | Snake:1  | Entered Level 1 of the Snake Pit
 30223 | Snake:1  | Found Meogatam's Distillery.
 30224 | Snake:1  | Found Haca's Magic Scroll Emporium.
 30229 | Snake:1  | Bought a potion of heal wounds for 95 gold pieces
 30229 | Snake:1  | Bought a potion of heal wounds for 95 gold pieces
 30233 | Snake:1  | Bought a scroll of identify for 36 gold pieces
 30476 | Snake:1  | Found a runed translucent gate.
 30476 | Snake:1  | Found a runed translucent gate.
 30476 | Snake:1  | Found a runed translucent gate.
 30653 | Snake:1  | Noticed Shard1697's ghost (adept MeBe)
 30667 | Snake:1  | Found Guatoaqu's General Store.
 30684 | Snake:1  | Bought a scroll of blinking for 105 gold pieces
 30706 | Snake:1  | Reached XP level 16. HP: 79/127 MP: 31/31
 32113 | Snake:2  | Offered knowledge of Ozocubu's Refrigeration by Vehumet.
 32162 | Snake:2  | Reached skill level 12 in Invocations
 32435 | Snake:1  | HP: 6/127 [naga sharpshooter/bolt (24)]
 32801 | Snake:2  | Noticed Vashnia
 33506 | Snake:2  | Killed Vashnia
 34290 | Snake:2  | Identified the +8 scale mail "Qeirchulo" {rN+}
 34557 | Snake:2  | Offered knowledge of Fireball by Vehumet.
 34564 | Snake:2  | Learned a level 5 spell: Fireball
 34607 | Snake:2  | Reached XP level 17. HP: 109/134 MP: 33/33
 35782 | Snake:4  | Entered Level 4 of the Snake Pit
 36267 | Snake:4  | Noticed Aizul
 36283 | Snake:4  | Killed Aizul
 36284 | Snake:4  | Reached skill level 10 in Conjurations
 36284 | Snake:4  | Reached skill level 10 in Hexes
 36284 | Snake:4  | Reached skill level 10 in Summonings
 36284 | Snake:4  | Reached skill level 10 in Necromancy
 36284 | Snake:4  | Reached skill level 10 in Transmutations
 36284 | Snake:4  | Reached skill level 10 in Fire Magic
 36284 | Snake:4  | Reached skill level 10 in Ice Magic
 36284 | Snake:4  | Reached skill level 10 in Earth Magic
 36284 | Snake:4  | Reached skill level 10 in Poison Magic
 36284 | Snake:4  | Reached skill level 10 in Shapeshifting
 37063 | Snake:4  | Reached skill level 13 in Invocations
 37321 | Snake:4  | Learned a level 4 spell: Iskenderun's Mystic Blast
 38074 | Snake:4  | Got a serpentine rune of Zot
 38293 | Snake:4  | Found Isaurazo's Book Emporium.
 38293 | Snake:4  | Found Xiprigit's Jewellery Shop.
 38294 | Snake:4  | Found Naix's Jewellery Shop.
 38299 | Snake:4  | Bought a ring of flight for 280 gold pieces
 39022 | D:15     | Found a staircase to the Depths.
 39268 | D:15     | Reached XP level 18. HP: 143/143 MP: 35/35
 39364 | D:15     | Identified the +7 rapier "Dygikh" {antimagic, rElec SInv}
 39904 | D:15     | Killed Agnes
 40311 | Shoals:1 | Entered Level 1 of the Shoals
 40625 | Shoals:1 | You are sucked into a shaft and drop 1 floor!
 40625 | Shoals:2 | Found Touptegh's Weapon Shop.
 40717 | Shoals:2 | Offered knowledge of Conjure Ball Lightning by Vehumet.
 41352 | Shoals:1 | Found Myatsogi's Book Emporium.
 42780 | Shoals:3 | Found Ophehoim's Gadget Gallery.
 42875 | Shoals:3 | Got Beginning Spellweaving
 43436 | Shoals:4 | Entered Level 4 of the Shoals
 43457 | Shoals:4 | Offered knowledge of Chain Lightning by Vehumet.
 43457 | Shoals:4 | Offered knowledge of Polar Vortex by Vehumet.
 43457 | Shoals:4 | Offered knowledge of Ignition by Vehumet.
 43541 | Shoals:4 | Reached skill level 14 in Invocations
 43637 | Shoals:4 | Mangled by an alligator snapping turtle

Illustrated notes

Levels and vault maps discovered:
D:1:      spicycebolla_green_bress_n_ham, layout_loops_cross, serial_shops,
          shop, shop, nicolae_shop_trees, shop, nicolae_shop_window_shopping,
          minmay_worlds_worst_comb
D:2:      layout_basic, serial_shops, shop, basic_altar,
          guppyfry_early_orc_mine, uniq_jessica, uniq_natasha
D:3:      layout_rooms, nicolae_uskayaw_murder_on_the_dancefloor
D:4:      layout_gridville, mainiacjoe_overflow_small_starburst,
          minmay_temple_entry_glassed_door
D:5:      layout_basic, serial_shops, nicolae_shop_crystal, uniq_sigmund
D:6:      layout_loops_corners, serial_undead, serial_undead_c, serial_undead_e,
          serial_undead_d, serial_undead_f, serial_undead_a, serial_undead_a,
          hangedman_decor_clover_reticule, uniq_pikel
D:7:      layout_basic, lemuel_tele_altar, enter_bailey_7
D:8:      layout_loops_ring, uniq_maurice
D:9:      layout_loops_corners, dpeg_lair_monsters, st_stairs_9
D:10:     nzn_winding_woodlands_cross [nzn_winding_woodlands_5x15_split_checker,
          nzn_winding_woodlands_5x15_parted, nzn_winding_woodlands_5x15_pockets,
          nzn_winding_woodlands_5x15_cabin,
          nzn_winding_woodlands_15x15_killbox], layout_long_grid,
          amethyst_overflow_temple_binary, minmay_quadrilaterals
D:11:     layout_stronghold, david_defended_altar_orc, uniq_fannar
D:12:     minmay_angry_zag, layout_cave_pools, orc_0_dummy,
          ebering_ghost_disaster_area, gauntlet_entry_generic
D:13:     layout_loops_corners, david_vaults_3, gammafunk_ghost_fury_of_okawaru,
          minmay_diamond_spiral, uniq_rupert, uniq_lodul, uniq_frances,
          uniq_azrael
D:14:     layout_cave_pools, ashenzari_conservatory_becter,
          fake_guardian_serpent_vault, uniq_roxanne
D:15:     grunt_enter_depths_snipers, layout_loops_corners,
          minmay_misc_feat_secret_circle, uniq_agnes
Temple:   bh_familiar_temple
Lair:1:   layout_loops_ring, kennysheep_rathole, serial_bayou_shore_a,
          serial_bayou_shore_b, grunt_megastairs_5, uniq_erica
Lair:2:   statuecave_lemuel, layout_misc_corridors,
          minmay_snake_entry_guardpost_small, uniq_gastronok
Lair:3:   layout_loops_ring, minmay_shoals_entry_centaurs, special_room
          [special_room_mythical_zoo], st_stairs_11, lemuel_fruit_tree
Lair:4:   layout_small_grid, slime_entry_1, ebering_ghost_inner_flame,
          chequers_serial_rivers_large_a, dreamdust_deal_with_the_devil
Lair:5:   hangedman_lair_in_review, layout_cave_pods, guppyfry_lair_end_dragon,
          serial_bayou_shore_b
Shoals:1: layout_shoals, serial_shops, nicolae_shop_peninsula
Shoals:2: layout_shoals, serial_shops, nicolae_shop_mannequins,
          nicolae_shoals_enchanted_isle
Shoals:3: layout_shoals, nicolae_shop_gadgets
Shoals:4: shoals_end_simple, layout_shoals, uniq_polyphemus, uniq_donald
Snake:1:  layout_onion, gammafunk_ghost_necromancy, serial_shops, shop,
          nicolae_wooded_promenade, st_stairs_14,
          nicolae_snake_salamander_jacuzzi
Snake:2:  layout_basic, library_closet, evilmike_ambush
          [evilmike_ambush_outer_pillars, evilmike_ambush_inner_pond],
          uniq_vashnia
Snake:3:  layout_concentric_octagons
Snake:4:  snake_hunt, layout_chambers, special_room, grunt_megastairs_3,
          minmay_shop_grove, uniq_aizul
Orc:1:    layout_caves
Orc:2:    st_orc_rangers, layout_caves, basic_altar

Skill      XL: |  1  2  3  4  5  6  7  8  9 10 11 12 13 14 15 16 17 18 |
---------------+-------------------------------------------------------+-----
Spellcasting   | 5 6 7 8 9 10 11 12 13 | 13.7
Short Blades   | 1 2 3 4 5 6 8 9 10 11 12 | 12.9
Long Blades    | 1 2 3 4 5 6 8 9 10 11 12 | 12.9
Axes           | 1 2 3 4 5 6 8 9 10 11 12 | 12.9
Maces & Flails | 1 2 3 4 5 6 8 9 10 11 12 | 12.9
Polearms       | 1 2 3 4 5 6 8 9 10 11 12 | 12.9
Staves         | 1 2 3 4 5 6 8 9 10 11 12 | 12.9
Ranged Weapons | 1 2 3 4 5 6 8 9 10 11 12 | 12.9
Throwing       | 1 2 3 4 5 6 8 9 10 11 12 | 12.9
Armour         | 1 2 3 4 5 6 8 9 10 11 12 | 12.9
Dodging        | 1 2 3 4 5 6 8 9 10 11 12 | 12.9
Stealth        | 1 2 3 4 5 6 8 9 10 11 12 | 12.9
Shields        | 1 2 3 4 5 6 8 9 10 11 12 | 12.9
Unarmed Combat | 1 2 3 4 5 6 8 9 10 11 12 | 12.9
Invocations    | 1 2 3 4 5 6 7 8 9 10 11 12 13 14 | 14.0
Evocations     | 1 2 3 4 5 6 8 9 10 11 12 | 12.9
Conjurations   | 1 2 3 4 5 6 7 8 9 10 | 10.9
Hexes          | 1 2 3 4 5 6 7 8 9 10 | 10.9
Summonings     | 1 2 3 4 5 6 7 8 9 10 | 10.9
Necromancy     | 1 2 3 4 5 6 7 8 9 10 | 10.9
Transmutations | 1 2 3 4 5 6 7 8 9 10 | 10.9
Fire Magic     | 1 2 3 4 5 6 7 8 9 10 | 10.9
Ice Magic      | 1 2 3 4 5 6 7 8 9 10 | 10.9
Earth Magic    | 1 2 3 4 5 6 7 8 9 10 | 10.9
Poison Magic   | 1 2 3 4 5 6 7 8 9 10 | 10.9
Shapeshifting  | 1 2 3 4 5 6 7 8 9 10 | 10.9
Fighting       | 5 6 7 8 9 10 11 12 13 | 13.6
Translocations | 6 7 8 9 10 11 12 | 12.1
Air Magic      | 6 7 8 9 10 11 12 | 12.1

Action                     |  1- 3 |  4- 6 |  7- 9 | 10-12 | 13-15 | 16-18 || total
---------------------------+-------+-------+-------+-------+-------+-------++-------
  Melee: Dagger            |     3 |     8 |       |       |       |       ||    11
         Bite              |     1 |     2 |     3 |    61 |   255 |   235 ||   557
         Punch             |       |     1 |       |    21 |    14 |       ||    36
         Whip              |       |       |    29 |    19 |       |       ||    48
         Trident           |       |       |       |   525 |  1463 |  1310 ||  3298
         Scimitar          |       |       |       |       |    54 |     7 ||    61
   Cast: Shock             |    60 |   170 |   344 |   132 |    36 |    23 ||   765
         Airstrike         |       |       |       |    41 |    53 |    14 ||   108
         Dazzling Flash    |       |       |       |     9 |    35 |    22 ||    66
         Lee's Rapid Decon |       |       |       |       |    46 |     5 ||    51
         Stone Arrow       |       |       |       |       |    20 |    53 ||    73
         Freezing Cloud    |       |       |       |       |     7 |   147 ||   154
         Iskenderun's Myst |       |       |       |       |       |     4 ||     4
         Fireball          |       |       |       |       |       |     1 ||     1
  Evoke: Wand              |       |       |     1 |     5 |     4 |     3 ||    13
    Use: Scroll            |       |     6 |     6 |    10 |    14 |     7 ||    43
         Potion            |       |       |     1 |     3 |     9 |     5 ||    18
   Stab: Sleeping          |       |       |       |    10 |    21 |    17 ||    48
         Distracted        |       |       |       |     1 |     3 |     4 ||     8
         Invisible         |       |       |       |       |    29 |    21 ||    50
 Armour: Robe              |     3 |    13 |    43 |     3 |       |       ||    62
         Steam dragon scal |       |       |       |   261 |   514 |   290 ||  1065
  Dodge: Dodged            |     9 |    22 |    94 |   371 |  1309 |   929 ||  2734
  Block: Buckler           |       |       |       |       |   598 |   456 ||  1054

Table legend: (Time is in decaauts)
 A = Elapsed time spent in this place.
 B = Non-inter-level travel time spent in this place.
 C = Inter-level travel time spent in this place.
 D = Time resting spent in this place.
 E = Time spent auto-exploring this place.
 F = Levels seen in this place.
 G = Mean time per level.
                   A        B        C        D        E       F      G
               +--------+--------+--------+--------+--------+-----+--------+
         Total |  43234 |  40063 |   3171 |   3683 |  24880 |  33 | 1310.1 |
       Dungeon |  19738 |  18164 |   1574 |   1272 |  12608 |  15 | 1315.9 |
        Temple |     56 |     37 |     19 |      0 |     32 |   1 |   56.0 |
          Lair |   8140 |   7068 |   1072 |    246 |   4776 |   5 | 1628.0 |
        Shoals |   3228 |   3133 |     95 |    187 |   2229 |   4 |  807.0 |
     Snake Pit |   8120 |   7897 |    223 |   1738 |   3301 |   4 | 2030.0 |
  Orcish Mines |   1735 |   1548 |    187 |    127 |    785 |   2 |  867.5 |
        Bailey |   1136 |   1136 |      0 |     31 |    837 |   1 | 1136.0 |
      Gauntlet |   1077 |   1077 |      0 |     80 |    311 |   1 | 1077.0 |
               +--------+--------+--------+--------+--------+-----+--------+

Top non-repeatable levels by time:
 Snake:1: 2666 daAuts
  Lair:5: 2488 daAuts
    D:13: 2057 daAuts
 Snake:3: 2037 daAuts
    D:10: 1956 daAuts
     D:9: 1911 daAuts
 Snake:4: 1902 daAuts
  Lair:1: 1784 daAuts
     D:6: 1682 daAuts
  Lair:4: 1540 daAuts
     D:5: 1522 daAuts
 Snake:2: 1514 daAuts
     D:2: 1405 daAuts
     D:1: 1349 daAuts
    D:12: 1343 daAuts
